 Dungeon Crawl Stone Soup version 0.30-a0-715-gdb4ae3ece1 (webtiles) character file.

Game seed: 7536315773838998912

6400 rogsnak the Thaumaturge (level 10, -3/76 HPs)
             Began as a Gnoll Hedge Wizard on Jan 24, 2023.
             Was a Priest of Sif Muna.
             Slain by a death yak (11 damage)
             ... on level 8 of the Dungeon.
             The game lasted 00:30:41 (8502 turns).

rogsnak the Thaumaturge (Gnoll Hedge Wizard)        Turns: 8502, Time: 00:30:41

Health: -3/76      AC:  2    Str:  9    XL:     10   Next: 98%
Magic:  8/23       EV: 14    Int: 14    God:    Sif Muna [***...]
Gold:   494        SH:  0    Dex: 10    Spells: 21/27 levels left

rFire   . . .      SeeInvis .    S - +9 spear of the Lonely Souls {drain, rC+++ Will++ Int-4 Dex-2}
rCold   + + +      Faith    .    (no shield)
rNeg    . . .      Spirit   .    b - +0 robe
rPois   .          Reflect  .    c - +0 hat
rElec   .          Harm     .    (no cloak)
rCorr   .          Rampage  .    (no gloves)
Will    +++..                    (no boots)
Stlth   +++                      f - amulet of regeneration
HPRegen 1.12/turn                B - ring of protection from cold
MPRegen 0.18/turn                M - ring of willpower

@: no status effects
A: fangs 1, strong nose, distributed training
a: Renounce Religion, Channel Magic, Forget Spell


You were on level 8 of the Dungeon.
You worshipped Sif Muna.
Sif Muna was most pleased with you.
You visited 2 branches of the dungeon, and saw 9 of its levels.
You also visited: Ossuary and Bailey.

You collected 494 gold pieces.

Inventory:

Hand Weapons
 s - a +1 flail of protection
 y - a +0 arbalest
 D - the +3 dagger "Gesese" {flame, +Blink rF+ Str-5}
   (You found it on level 4 of the Dungeon)

   Str:       It affects your strength (-5).
   rF:        It protects you from fire.
   +Blink:    It lets you blink.
 J - a +1 hand axe of venom
 Q - a +2 whip of draining
 S - the +9 spear of the Lonely Souls (weapon) {drain, rC+++ Will++ Int-4 Dex-2}
   (You found it on level 8 of the Dungeon)

   Int:       It affects your intelligence (-4).
   Dex:       It affects your dexterity (-2).
   rC:        It renders you almost immune to cold.
   Will:      It greatly increases your willpower.
Missiles
 n - 17 poisoned darts
Armour
 a - a +3 plate armour
 b - a +0 robe (worn)
 c - a +0 hat (worn)
 p - a +0 scale mail of poison resistance
 q - the +1 plate armour "Qezxuj" {rC+}
   (You found it in a bailey)

   rC:        It protects you from cold.
 H - a +2 ring mail of positive energy
 R - a +0 buckler
Magical Staves
 P - a staff of air
Jewellery
 f - an amulet of regeneration (around neck)
 B - a ring of protection from cold (left hand)
 M - a ring of willpower (right hand)
Wands
 w - a wand of flame (8)
Scrolls
 e - 2 scrolls of brand weapon {unknown}
 g - 4 scrolls of teleportation
 l - 2 scrolls of noise {unknown}
 o - 10 scrolls of identify {unknown}
 r - 4 scrolls of enchant weapon {unknown}
 u - a scroll of immolation {unknown}
 x - 5 scrolls of blinking {unknown}
 C - a scroll of vulnerability {unknown}
 N - 4 scrolls of fog {unknown}
 O - a scroll of magic mapping {unknown}
Potions
 d - 3 potions of magic
 h - a potion of mutation {unknown}
 i - a potion of berserk rage {unknown}
 j - 4 potions of heal wounds {unknown}
 k - 2 potions of ambrosia {unknown}
 m - a potion of brilliance {unknown}
 t - 2 potions of lignification {unknown}
 v - 5 potions of haste {unknown}
 z - 4 potions of resistance {unknown}
 A - 2 potions of invisibility {unknown}
 E - 3 potions of might {unknown}
 F - 2 potions of flight {unknown}
 G - 2 potions of cancellation {unknown}
 I - a potion of attraction {unknown}
 K - a potion of degeneration {unknown}
 L - 2 potions of curing {unknown}


   Skills:
 + Level 6.0 Fighting
 + Level 6.0 Short Blades
 + Level 6.0 Long Blades
 + Level 6.0 Axes
 + Level 6.0 Maces & Flails
 + Level 6.0 Polearms
 + Level 6.0 Staves
 + Level 6.0 Ranged Weapons
 + Level 6.0 Throwing
 + Level 6.0 Armour
 + Level 7.6 Dodging
 + Level 7.4 Stealth
 + Level 6.0 Shields
 + Level 6.0 Unarmed Combat
 + Level 9.4 Spellcasting
 + Level 5.4 Conjurations
 + Level 5.0 Hexes
 + Level 5.4 Summonings
 + Level 5.0 Necromancy
 + Level 5.4 Translocations
 + Level 5.0 Transmutations
 + Level 5.0 Fire Magic
 + Level 5.0 Ice Magic
 + Level 5.0 Air Magic
 + Level 5.0 Earth Magic
 + Level 5.0 Poison Magic
 + Level 6.6 Invocations
 + Level 6.0 Evocations


You had 21 spell levels left.
You knew the following spells:

 Your Spells              Type           Power      Damage    Failure   Level
a - Magic Dart            Conj           84%        1d7       1%          1
b - Blink                 Tloc           42%        N/A       1%          2
c - Mephitic Cloud        Conj/Pois/Air  21%        N/A       4%          3

Your spell library contained the following spells:

 Spells                   Type           Power      Damage    Failure   Level
 Foxfire                  Conj/Fire      84%        2x1d8     1%          1
 Slow                     Hex            80%        N/A       1%          1
 Call Imp                 Summ           21%        N/A       1%          2
 Cigotuvi's Dreadful Rot  Necr/Pois/Air  40%        N/A       2%          2
 Poisonous Vapours        Pois/Air       40%        N/A       2%          2
 Sublimation of Blood     Necr           20%        N/A       2%          2
 Wereblood                Tmut           20%        N/A       2%          2
 Gell's Gravitas          Tloc           21%        N/A       3%          3
 Teleport Other           Tloc           21%        N/A       3%          3
 Ignite Poison            Fire/Tmut/Pois 20%        N/A       4%          3
 Kindle Blastsparks       Fire/Tloc/Air  42%        2d13      4%          3
 Petrify                  Tmut/Erth      20%        N/A       14%         4
 Fireball                 Conj/Fire      10%        3d6       34%         5
 Alistair's Intoxication  Tmut/Pois      13%        N/A       36%         5
 Freezing Cloud           Conj/Ice/Air   10%        6-21      36%         5
 Dispersal                Tloc           10%        N/A       87%         6
 Starburst                Conj/Fire      10%        6d5       89%         6
 Statue Form              Tmut/Erth      13%        N/A       91%         6
 Summon Hydra             Summ           10%        N/A       100%        7


Dungeon Overview and Level Annotations

Branches:
Dungeon (8/15)             Temple (1/1) D:5            Lair (0/5) D:8
Ossuary (visited)          Bailey (visited)

Altars:
Dithmenos
Elyvilon
Fedhas
Gozag
Hepliaklqana
Kikubaaqudgha
Okawaru
Ru
Sif Muna
Trog
Vehumet
Xom
Yredelemnul

Shops:
D:2 [   D:4 [

Annotations:
D:4 3 runed translucent doors, Darius099's ghost, amateur GrFi


Innate Abilities, Weirdness & Mutations

You have very sharp teeth.
Your uncanny sense of smell can sniff out nearby items.
Your experience applies equally to all skills.


Message History

Your Throwing skill increases to level 6!
Your Armour skill increases to level 6!
Your Shields skill increases to level 6!
Your Unarmed Combat skill increases to level 6!
Your Hexes skill increases to level 5!
Your Necromancy skill increases to level 5!
Your Transmutations skill increases to level 5!
Your Fire Magic skill increases to level 5!
Your Ice Magic skill increases to level 5!
Your Air Magic skill increases to level 5!
Your Earth Magic skill increases to level 5!
Your Poison Magic skill increases to level 5!
Your Evocations skill increases to level 6!
There is an open door here.
Casting: Mephitic Cloud (dangerous; 4% risk of failure)
Confirm with . or Enter, or press ? or * to list all spells.
Aiming: Mephitic Cloud (dangerous; 4% risk of failure)
Press: ? - help, Shift-Dir - straight line, f - death yak
Aim: a death yak (severely wounded, chance to affect: 34%)
The ball explodes into a vile cloud!
The stinking cloud engulfs the death yak but does no damage.
The death yak is severely wounded.
The death yak is engulfed in noxious fumes.
Unknown command.
Unknown command.
The death yak is engulfed in noxious fumes.
The death yak attacks as you move away! The death yak completely misses you.
The death yak is engulfed in noxious fumes.
The death yak appears confused.
The death yak is engulfed in noxious fumes.
The death yak appears confused.
The two-headed ogre is engulfed in noxious fumes.
The death yak attacks as you move away! The death yak gores you!
The death yak attacks as you move away! The death yak gores you!!
The death yak seems less confused.
The death yak attacks as you move away! The death yak gores you!!
* * * LOW HITPOINT WARNING * * *
The death yak attacks as you move away! The death yak closely misses you.
The death yak attacks as you move away! The death yak gores you!
You die...

~♣~........>........#
P~≈♣.P........Y..#...#
PP♣~P.#.....#......./#
~.~~P.........OY.##..#
# .♣~P..#............#
# ~P...#........###.#
#~~♣.#....##....###.#
#~~~~..........Y....#
#.~~.#.###.####@#####
##. #.# #.# #.# #.#
#.# #.# #.# #.. ..#
#.# ######## #.# ##.##
####.#####.#.#####
#..>......###....#
#.##.#####.#.###.#


You could see 3 death yaks and a two-headed ogre.

Vanquished Creatures
  3 death yaks (D:8)
  An orc knight (Bailey)
  Pikel (D:6)
  A deep elf zephyrmancer (Bailey)
  A polar bear (D:8)
  Sigmund (D:2)
  10 orc warriors
  2 ice beasts
  4 ogres
  2 wolves (D:8)
  A kobold brigand (D:7)
  An elf zombie (Ossuary)
  A necrophage (D:6)
  2 bullfrogs
  A scorpion (D:4)
  5 killer bees (D:7)
  A howler monkey (D:6)
  A centaur zombie (Ossuary)
  4 human zombies (Ossuary)
  A jelly (D:4)
  2 orc priests
  5 hounds
  2 iguanas
  3 orc wizards
  2 mummies (Ossuary)
  3 gnolls (D:6)
  5 adders
  3 white imps
  2 adder zombies (D:4)
  A worm (D:4)
  3 dart slugs
  37 orcs
  6 endoplasms
  5 giant cockroaches
  6 goblins
  8 hobgoblins
  6 jackals
  A quokka (D:3)
  9 ball pythons
  4 bats
  A frilled lizard (D:1)
  10 hobgoblin zombies (Ossuary)
  2 jackal zombies (Ossuary)
  10 kobolds
  10 kobold zombies (Ossuary)
  5 orc zombies (Ossuary)
  6 rats
  3 rat zombies (Ossuary)
204 creatures vanquished.

Vanquished Creatures (others)
  33 plants (D:8)
  4 toadstools (D:1)
  4 withered plants (D:1)
41 creatures vanquished.

Grand Total: 245 creatures vanquished

Notes
Turn   | Place    | Note
-------+----------+-------------------------------------------
     0 | D:1      | rogsnak the Gnoll Hedge Wizard began the quest for the Orb.
     0 | D:1      | Reached XP level 1. HP: 13/13 MP: 8/8
   214 | D:1      | Reached XP level 2. HP: 16/19 MP: 6/10
   562 | D:1      | Got Giof's Volume of Transmigration
   597 | D:1      | Found a faded altar of an unknown god.
   647 | D:1      | Reached XP level 3. HP: 25/25 MP: 5/11
  1164 | D:1      | Reached skill level 1 in Invocations
  1485 | D:2      | Noticed Sigmund
  1522 | D:2      | Found Gooryfut's Armour Shop.
  1572 | D:2      | Reached skill level 1 in Fighting
  1572 | D:2      | Reached skill level 1 in Short Blades
  1572 | D:2      | Reached skill level 1 in Long Blades
  1572 | D:2      | Reached skill level 1 in Axes
  1572 | D:2      | Reached skill level 1 in Maces & Flails
  1572 | D:2      | Reached skill level 1 in Polearms
  1572 | D:2      | Reached skill level 1 in Staves
  1572 | D:2      | Reached skill level 1 in Ranged Weapons
  1572 | D:2      | Reached skill level 1 in Throwing
  1572 | D:2      | Reached skill level 1 in Armour
  1572 | D:2      | Reached skill level 1 in Shields
  1572 | D:2      | Reached skill level 1 in Unarmed Combat
  1572 | D:2      | Reached skill level 1 in Evocations
  1579 | D:2      | Learned a level 2 spell: Blink
  1583 | D:2      | Learned a level 3 spell: Mephitic Cloud
  2100 | D:2      | Killed Sigmund
  2101 | D:2      | Reached skill level 1 in Hexes
  2101 | D:2      | Reached skill level 1 in Necromancy
  2101 | D:2      | Reached skill level 1 in Transmutations
  2101 | D:2      | Reached skill level 1 in Fire Magic
  2101 | D:2      | Reached skill level 1 in Ice Magic
  2101 | D:2      | Reached skill level 1 in Air Magic
  2101 | D:2      | Reached skill level 1 in Earth Magic
  2101 | D:2      | Reached skill level 1 in Poison Magic
  2101 | D:2      | Reached XP level 4. HP: 33/33 MP: 0/13
  2101 | D:2      | Reached XP level 5. HP: 38/38 MP: 0/14
  2384 | D:3      | Found a shimmering blue altar of Sif Muna.
  2435 | D:3      | Became a worshipper of Sif Muna the Loreminder
  2691 | D:3      | Found a hazy altar of Hepliaklqana.
  2797 | D:3      | Reached XP level 6. HP: 44/44 MP: 16/16
  3146 | D:4      | Found Uhurosyph's Armour Emporium.
  3214 | D:4      | Reached skill level 5 in Dodging
  3217 | D:4      | Reached * piety under Sif Muna
  3275 | D:4      | Found a sand-covered staircase.
  3296 | Ossuary  | Entered an ossuary
  3664 | Ossuary  | Reached ** piety under Sif Muna
  3759 | Ossuary  | Reached XP level 7. HP: 41/51 MP: 18/18
  3918 | D:4      | Reached skill level 5 in Stealth
  3960 | D:4      | Identified the +3 dagger "Gesese" {flame, +Blink rF+ Str-5}
  4127 | D:4      | Found a blossoming altar of Fedhas.
  4252 | D:4      | Found a runed translucent gate.
  4252 | D:4      | Found a runed translucent gate.
  4252 | D:4      | Found a runed translucent gate.
  4252 | D:4      | Noticed Darius099's ghost (amateur GrFi)
  4254 | D:4      | Found a basalt altar of Yredelemnul.
  4593 | D:5      | Entered Level 5 of the Dungeon
  4752 | D:5      | Found a white marble altar of Elyvilon.
  4994 | D:5      | Reached XP level 8. HP: 57/58 MP: 12/19
  5094 | D:5      | Found a staircase to the Ecumenical Temple.
  5106 | Temple   | Entered the Ecumenical Temple
  5492 | D:6      | Found a sacrificial altar of Ru.
  5492 | D:6      | Found an iron altar of Okawaru.
  5630 | D:6      | Noticed Pikel
  5642 | D:6      | Killed Pikel
  5643 | D:6      | Reached skill level 8 in Spellcasting
  5945 | D:6      | Reached XP level 9. HP: 58/65 MP: 10/21
  6533 | D:7      | Found an ancient bone altar of Kikubaaqudgha.
  6818 | D:7      | Reached *** piety under Sif Muna
  6914 | D:7      | Reached skill level 5 in Invocations
  7231 | D:7      | Found a shadowy altar of Dithmenos.
  7386 | D:8      | Found a bloodstained altar of Trog.
  7468 | D:8      | Noticed a polar bear
  7489 | D:8      | Killed a polar bear
  7493 | D:8      | HP: 2/67 [white imp/puff of frost (6)]
  7566 | D:8      | Noticed a death yak
  7659 | D:8      | Found a staircase to the Lair.
  7666 | D:8      | Noticed a death yak
  7681 | D:8      | Found a flagged portal.
  7686 | D:8      | Identified the +9 spear of the Lonely Souls {drain, rC+++
                  | Will++ Int-4 Dex-2}
  7694 | Bailey   | Entered a bailey
  7839 | Bailey   | Reached skill level 5 in Fighting
  7839 | Bailey   | Reached skill level 5 in Short Blades
  7839 | Bailey   | Reached skill level 5 in Long Blades
  7839 | Bailey   | Reached skill level 5 in Axes
  7839 | Bailey   | Reached skill level 5 in Maces & Flails
  7839 | Bailey   | Reached skill level 5 in Polearms
  7839 | Bailey   | Reached skill level 5 in Staves
  7839 | Bailey   | Reached skill level 5 in Ranged Weapons
  7839 | Bailey   | Reached skill level 5 in Throwing
  7839 | Bailey   | Reached skill level 5 in Armour
  7839 | Bailey   | Reached skill level 5 in Shields
  7839 | Bailey   | Reached skill level 5 in Unarmed Combat
  7839 | Bailey   | Reached skill level 5 in Evocations
  7839 | Bailey   | Reached XP level 10. HP: 65/74 MP: 20/22
  7853 | Bailey   | Noticed an orc knight
  7870 | Bailey   | Killed an orc knight
  7871 | Bailey   | Reached skill level 9 in Spellcasting
  8013 | Bailey   | Reached skill level 5 in Conjurations
  8013 | Bailey   | Reached skill level 5 in Summonings
  8013 | Bailey   | Reached skill level 5 in Translocations
  8096 | Bailey   | Found a large runed translucent door.
  8096 | Bailey   | Found a large runed translucent door.
  8097 | Bailey   | Noticed a deep elf zephyrmancer
  8131 | Bailey   | Killed a deep elf zephyrmancer
  8150 | Bailey   | Identified the +1 plate armour "Qezxuj" {rC+}
  8236 | D:8      | Killed a death yak
  8284 | D:8      | Noticed a death yak
  8404 | D:8      | Noticed a death yak
  8406 | D:8      | Noticed a death yak
  8449 | D:8      | Killed a death yak
  8450 | D:8      | Noticed a death yak
  8465 | D:8      | Noticed a two-headed ogre
  8476 | D:8      | Killed a death yak
  8477 | D:8      | Reached skill level 5 in Hexes
  8477 | D:8      | Reached skill level 5 in Necromancy
  8477 | D:8      | Reached skill level 5 in Transmutations
  8477 | D:8      | Reached skill level 5 in Fire Magic
  8477 | D:8      | Reached skill level 5 in Ice Magic
  8477 | D:8      | Reached skill level 5 in Air Magic
  8477 | D:8      | Reached skill level 5 in Earth Magic
  8477 | D:8      | Reached skill level 5 in Poison Magic
  8502 | D:8      | Slain by a death yak

Illustrated notes

Levels and vault maps discovered:
D:1:      ldierk_walled_garden_2, layout_basic,
          ebering_ecumenical_altar_petrified, patterned_corridor
D:2:      layout_basic, serial_shops, shop, uniq_sigmund
D:3:      layout_basic, mainiacjoe_overflow_brackets,
          mainiacjoe_overflow_small_starburst
D:4:      layout_loops_ring, fedhas_altar_4, nicolae_yredelemnul_ghost_church,
          serial_shops, shop_statue, nicolae_ossuary_entry_ruins
D:5:      layout_rooms, elyvilon_altar_5, minmay_temple_entry_proselytizer
D:6:      layout_gridville, grunt_temple_overflow_open, nicolae_lava_and_water,
          uniq_pikel
D:7:      layout_rooms, grunt_dithmenos_smoke_and_mirrors, lemuel_crystal_altar,
          nicolae_concentric_dashed_squares_wild
D:8:      layout_loops_corners, mainiacjoe_overflow_surrounded_room,
          dpeg_lair_monsters, enter_bailey_2, serial_ice, serial_ice_f,
          serial_ice_k, serial_ice_c, serial_ice_n, serial_bayou_lagoon_a
Temple:   nicolae_temple_bog_church

Skill      XL: |  1  2  3  4  5  6  7  8  9 10 |
---------------+-------------------------------+-----
Conjurations   | 2 3 4 5 |  5.4
Summonings     | 2 3 4 5 |  5.4
Translocations | 2 3 4 5 |  5.4
Invocations    | 1 2 3 4 5 6 |  6.6
Fighting       | 1 2 3 5 6 |  6.0
Short Blades   | 1 2 3 5 6 |  6.0
Long Blades    | 1 2 3 5 6 |  6.0
Axes           | 1 2 3 5 6 |  6.0
Maces & Flails | 1 2 3 5 6 |  6.0
Polearms       | 1 2 3 5 6 |  6.0
Staves         | 1 2 3 5 6 |  6.0
Ranged Weapons | 1 2 3 5 6 |  6.0
Throwing       | 1 2 3 5 6 |  6.0
Armour         | 1 2 3 5 6 |  6.0
Shields        | 1 2 3 5 6 |  6.0
Unarmed Combat | 1 2 3 5 6 |  6.0
Evocations     | 1 2 3 5 6 |  6.0
Hexes          | 1 2 3 4 5 |  5.0
Necromancy     | 1 2 3 4 5 |  5.0
Transmutations | 1 2 3 4 5 |  5.0
Fire Magic     | 1 2 3 4 5 |  5.0
Ice Magic      | 1 2 3 4 5 |  5.0
Air Magic      | 1 2 3 4 5 |  5.0
Earth Magic    | 1 2 3 4 5 |  5.0
Poison Magic   | 1 2 3 4 5 |  5.0
Dodging        | 5 6 7 |  7.6
Stealth        | 5 6 7 |  7.4
Spellcasting   | 8 9 |  9.4

Action                     |  1- 3 |  4- 6 |  7- 9 | 10-12 || total
---------------------------+-------+-------+-------+-------++-------
  Melee: Dagger            |    36 |       |    13 |       ||    49
         Bite              |     6 |    16 |    32 |    10 ||    64
         Mace              |    20 |       |       |       ||    20
         Halberd           |       |    15 |       |       ||    15
         Flail             |       |   142 |   107 |       ||   249
         Punch             |       |     3 |    15 |     3 ||    21
         Hand axe          |       |       |   133 |       ||   133
         Spear             |       |       |    25 |    80 ||   105
   Cast: Magic Dart        |   105 |    98 |   165 |    16 ||   384
         Mephitic Cloud    |     2 |     1 |    22 |    20 ||    45
         Blink             |       |       |     4 |       ||     4
  Evoke: Wand              |       |       |     2 |       ||     2
    Use: Scroll            |       |       |     1 |       ||     1
   Stab: Confused          |     1 |     1 |     6 |    11 ||    19
         Sleeping          |       |     5 |     3 |       ||     8
 Armour: Robe              |     9 |    73 |    48 |     1 ||   131
  Dodge: Dodged            |    45 |   124 |   175 |    19 ||   363

Table legend: (Time is in decaauts)
 A = Elapsed time spent in this place.
 B = Non-inter-level travel time spent in this place.
 C = Inter-level travel time spent in this place.
 D = Time resting spent in this place.
 E = Time spent auto-exploring this place.
 F = Levels seen in this place.
 G = Mean time per level.
                   A        B        C        D        E       F      G
               +--------+--------+--------+--------+--------+-----+--------+
         Total |   8571 |   8384 |    187 |    970 |   4600 |  11 |  779.2 |
       Dungeon |   7417 |   7230 |    187 |    664 |   4561 |   8 |  927.1 |
        Temple |      1 |      1 |      0 |      0 |      0 |   1 |    1.0 |
       Ossuary |    645 |    645 |      0 |    171 |      3 |   1 |  645.0 |
        Bailey |    507 |    507 |      0 |    135 |     36 |   1 |  507.0 |
               +--------+--------+--------+--------+--------+-----+--------+

Top non-repeatable levels by time:
     D:1: 1395 daAuts
     D:6: 1295 daAuts
     D:4: 1015 daAuts
     D:2: 895 daAuts
     D:3: 819 daAuts
     D:5: 706 daAuts
     D:7: 668 daAuts
 Ossuary: 645 daAuts
     D:8: 621 daAuts
  Bailey: 507 daAuts
  Temple: 1 daAuts
